 Dungeon Crawl Stone Soup version 0.25.1-2-g60ff931df9 (webtiles) character file.

Game seed: 13528748799441204210

261 funkygono the Grave Robber (level 5, -4/35 HPs)
             Began as a Demonspawn Necromancer on Aug 17, 2020.
             Slain by an ogre
             ... wielding a +0 giant club
              (17 damage)
             ... on level 4 of the Dungeon.
             The game lasted 00:09:12 (4573 turns).

funkygono the Grave Robber (Demonspawn Necromancer) Turns: 4573, Time: 00:09:12

Health: -4/35      AC: 13    Str:  8    XL:     5   Next: 96%
Magic:  7/11       EV: 17    Int: 17    God:
Gold:   202        SH:  0    Dex: 14    Spells: 3/12 levels left

rFire    + . .     SeeInvis .   d - +1 dagger
rCold    x . .     Gourm    .   (no shield)
rNeg     . . .     Faith    .   a - +0 robe
rPois    .         Spirit   .   (no helmet)
rElec    .         Reflect  .   e - +0 cloak
rCorr    .         Harm     .   (no gloves)
MR       .....                  (no boots)
Stlth    ++........             f - amulet of the acrobat
HPRegen  0.11/turn              p - ring of fire
MPRegen  0.12/turn              i - +4 ring of protection

@: agile, sanguine armour
A: talons 2, powered by pain 1, sanguine armour 1
a: no special abilities


You were on level 4 of the Dungeon.
You were not hungry.

You visited 1 branch of the dungeon, and saw 4 of its levels.

You collected 202 gold pieces.

Inventory:

Hand Weapons
 d - a +1 dagger (weapon)
Missiles
 k - 80 stones (quivered)
Armour
 a - a +0 robe (worn)
 e - a +0 cloak (worn)
Jewellery
 b - an uncursed ring of flight
 f - an amulet of the acrobat (around neck)
 i - a +4 ring of protection (right hand)
 l - an uncursed ring of resist corrosion
 p - a ring of fire (left hand)
Scrolls
 h - 2 scrolls of identify
Potions
 g - 3 potions of curing
 j - 3 potions of heal wounds {unknown}
 n - a potion of brilliance {unknown}
 o - a potion of mutation {unknown}
Comestibles
 c - 8 rations


   Skills:
 + Level 0.1 Short Blades
 + Level 2.0 Dodging
 + Level 2.0 Stealth
 + Level 4.2 Spellcasting
 + Level 6.2 Necromancy


You had 3 spell levels left.
You knew the following spells:

 Your Spells              Type           Power        Failure   Level  Hunger
a - Pain                  Necr           ###.         1%          1    None
b - Animate Skeleton      Necr           N/A          1%          1    None
c - Vampiric Draining     Necr           ###.......   3%          3    ###....
d - Animate Dead          Necr           N/A          12%         4    ####...

Your spell library contained the following spells:

 Spells                   Type           Power        Failure   Level  Hunger
 Confusing Touch          Hex            #.......     43%         3    ###....
 Gell's Gravitas          Tloc           #.........   43%         3    ###....
 Agony                    Necr           ###.....     32%         5    ######.
 Petrify                  Tmut/Erth      #.......     83%         4    ####...
 Metabolic Englaciation   Hex/Ice        #.........   99%         5    ######.
 Yara's Violent Unravell  Hex/Tmut       #.........   99%         5    ######.


Dungeon Overview and Level Annotations

Branches:
Dungeon (4/15)
 Temple: D:4-7

Altars:
Fedhas
Qazlal


Innate Abilities, Weirdness & Mutations

You have razor-sharp toenails.
You sometimes gain a little power by taking damage.
When seriously injured, your bleeding wounds create armour. (AC +6)


Message History

Aim: an ogre, wielding a +0 giant club (moderately wounded, chance to defeat MR: 83%)
The ogre barely resists.
The ogre hits you with a +0 giant club!!
Ouch! That really hurt!
You focus on the pain.
You feel agile all of a sudden.
Your blood congeals into armour.
Casting: Pain (safe; 1% risk of failure)
Confirm with . or Enter, or press ? or * to list all spells.
Aiming: Pain (safe; 1% risk of failure)
Press: ? - help, Shift-Dir - straight line, f/p - ogre
Aim: an ogre, wielding a +0 giant club (moderately wounded, chance to defeat MR: 83%)
The ogre writhes in agony!
Casting: Pain (safe; 1% risk of failure)
Confirm with . or Enter, or press ? or * to list all spells.
Aiming: Pain (safe; 1% risk of failure)
Press: ? - help, Shift-Dir - straight line, f/p - ogre
Aim: an ogre, wielding a +0 giant club (heavily wounded, chance to defeat MR: 83%)
The ogre writhes in agony.
The ogre hits you with a +0 giant club!
You die...

##### #.@.# #
###.#O# # ###
####...#...
###.##
#....#####.#
#####
##...#####.##...#
.# ##...######
...........####.#
# #.###......
##...####### ...
#.# #...##. ##.##
.## #.###.#.##.
#.# #.#
##...<#....


You could see an ogre.

Vanquished Creatures
  An orc priest (D:3)
  An orc wizard (D:3)
  An iguana (D:4)
  2 worker ants (D:4)
  4 adders
  2 oozes (D:2)
  2 worms
  2 dart slugs
  3 leopard geckos
  3 orcs (D:3)
  3 ball pythons
  5 giant cockroaches
  9 goblins
  5 hobgoblins
  4 jackals (D:1)
  7 kobolds
  A quokka (D:3)
  9 bats
  4 frilled lizards
  3 rats
71 creatures vanquished.

Notes
Turn   | Place    | Note
-------+----------+-------------------------------------------
     0 | D:1      | funkygono the Demonspawn Necromancer began the quest for
                  | the Orb.
     0 | D:1      | Reached XP level 1. HP: 13/13 MP: 3/3
   222 | D:1      | Gained mutation: When seriously injured, your bleeding
                  | wounds create armour. (AC +6) [demonic ancestry]
   222 | D:1      | Reached XP level 2. HP: 17/19 MP: 1/5
   225 | D:1      | Learned a level 1 spell: Animate Skeleton
   948 | D:1      | Reached skill level 5 in Necromancy
  1258 | D:1      | Gained mutation: You sometimes gain a little power by
                  | taking damage. [demonic ancestry]
  1258 | D:1      | Reached XP level 3. HP: 15/24 MP: 0/6
  1424 | D:1      | Learned a level 3 spell: Vampiric Draining
  1568 | D:2      | Found a blossoming altar of Fedhas.
  1574 | D:2      | Found a stormy altar of Qazlal.
  2057 | D:2      | Gained mutation: You have sharp toenails. [demonic
                  | ancestry]
  2057 | D:2      | Reached XP level 4. HP: 22/30 MP: 1/8
  2079 | D:2      | Learned a level 4 spell: Animate Dead
  3082 | D:3      | Gained mutation: You have razor-sharp toenails. [demonic
                  | ancestry]
  3082 | D:3      | Reached XP level 5. HP: 26/35 MP: 0/10
  4054 | D:4      | Reached skill level 6 in Necromancy
  4569 | D:4      | Noticed an ogre
  4573 | D:4      | Slain by an ogre

Illustrated notes

Levels and vault maps discovered:
D:1:      wander_arrival_fairy_ring, layout_loops_cross
D:2:      layout_loops_ring, grunt_temple_overflow_forces_of_nature,
          first_ration
D:3:      layout_basic
D:4:      layout_loops_corners

Skill      XL: |  1  2  3  4  5 |
---------------+----------------+-----
Necromancy     | 5 6 |  6.2
Dodging        | 2 |  2.0
Spellcasting   | 3 4 |  4.2
Stealth        | 2 |  2.0
Short Blades   | |  0.1

Action                   |  1- 3 |  4- 6 || total
-------------------------+-------+-------++-------
Melee: Unarmed           |    15 |       ||    15
       Dagger            |     3 |    15 ||    18
       Kick              |       |     5 ||     5
 Cast: Pain              |    71 |    77 ||   148
       Animate Skeleton  |     8 |    13 ||    21
       Vampiric Draining |       |     1 ||     1
  Use: Scroll            |     2 |     4 ||     6
  Eat: Chunk             |     4 |     4 ||     8
       Ration            |       |     1 ||     1
Armor: Robe              |    22 |     7 ||    29
Dodge: Dodged            |    46 |    18 ||    64
